 Dungeon Crawl Stone Soup version 0.23.2-40-g277498a (webtiles) character file.

Game seed: 9361831154369622688

4337 Lorak the Grappler (level 10, -4/100 HPs)
             Began as a Troll Monk on Oct 6, 2019.
             Was an Elder of Okawaru.
             Slain by a yak (13 damage)
             ... on level 8 of the Dungeon.
             The game lasted 00:25:29 (6719 turns).

Lorak the Grappler (Troll Monk)                     Turns: 6719, Time: 00:25:29

Health: -4/100     AC:  6    Str: 21    XL:     10   Next: 12%
Magic:  9/11       EV: 13    Int: 14    God:    Okawaru [****..]
Gold:   211        SH: 11    Dex: 12    Spells: 9/9 levels left

rFire    + . .     SeeInvis .     - Unarmed
rCold    . . .     Gourm    +   r - +0 shield
rNeg     . . .     Faith    .   c - +0 robe "Ewiugeg" {Int+5}
rPois    .         Spirit   .   (helmet restricted)
rElec    .         Reflect  .   (no cloak)
rCorr    .         Harm     .   (gloves unavailable)
MR       +....                  (boots unavailable)
Stlth    +++.......             (no amulet)
HPRegen  0.66/turn              v - +2 ring of slaying
MPRegen  0.12/turn              y - ring of protection from magic

@: heroism
A: large, unfitting armour, claws 3, hooves 1, fire resistance 1, fast
metabolism 3, gourmand, regeneration 1, shaggy fur 1, tough skin 3, wild magic 1
a: Heroism, Renounce Religion


You were on level 8 of the Dungeon.
You worshipped Okawaru.
Okawaru was greatly pleased with you.
You were very full.

You visited 3 branches of the dungeon, and saw 9 of its levels.

You collected 211 gold pieces.

Inventory:

Armour
 a - a +0 robe
 c - the +0 robe "Ewiugeg" (worn) {Int+5}
   (You found it on level 7 of the Dungeon)

   It affects your intelligence (+5).
 r - a +0 shield (worn)
Jewellery
 v - a +2 ring of slaying (left claw)
 y - a ring of protection from magic (right claw)
Wands
 w - a wand of iceblast (20)
Scrolls
 e - a scroll of fog
 f - 3 scrolls of remove curse
 g - a scroll of amnesia
 i - a scroll of noise {unknown}
 l - a scroll of random uselessness {unknown}
 m - a scroll of blinking
 s - a scroll of teleportation
 t - a scroll of immolation {unknown}
 x - 6 scrolls of identify
Potions
 d - 2 potions of lignification
 h - a potion of resistance {unknown}
 j - a potion of mutation
 k - 2 potions of might {unknown}
 o - a potion of heal wounds {unknown}
 p - 2 potions of flight
 q - a potion of magic {unknown}
 u - a potion of invisibility {unknown}
Comestibles
 b - 16 rations


   Skills:
 + Level 6.4(11.4) Fighting
 - Level 2.4(7.4) Dodging
 - Level 1.0(6.0) Stealth
 + Level 5.0(10.0) Shields
 * Level 10.5(15.5) Unarmed Combat
 + Level 3.6 Evocations


You had 9 spell levels left.
You didn't know any spells.
Your spell library was empty.

Dungeon Overview and Level Annotations

Branches:
Dungeon (8/15)             Temple (1/1) D:6            Lair (1/6) D:8

Altars:
Ashenzari
Cheibriados
Fedhas
Hepliaklqana
Kikubaaqudgha
Makhleb
Nemelex Xobeh
Okawaru
Qazlal
Sif Muna
Uskayaw
Wu Jian
Xom
Yredelemnul
Zin
The Shining One

Shops:
D:6 }   D:8 [


Innate Abilities, Weirdness & Mutations

You are too large for most types of armour.
You have claws for hands.
Your metabolism is lightning-fast.
You like to eat raw meat.
Your natural rate of healing is unusually fast.
You are covered in fur. (AC +1)
You have extremely tough skin. (AC +3)
You have large cloven feet.
Your flesh is heat resistant. (rF+)
Your spells are a little harder to cast, but a little more powerful.


Message History

You scratch the yak.
The yak is lightly wounded.
The yak barely misses you.
You scratch the yak but do no damage.
The yak is lightly wounded.
The yak gores you.
* * * LOW HITPOINT WARNING * * *
You claw the yak!
The yak is moderately wounded.
You gain the combat prowess of a mighty hero.
The yak closely misses you.
You scratch the yak.
The yak is heavily wounded.
The yak gores you!
* * * LOW HITPOINT WARNING * * *
It was a potion of mutation.
You feel extremely strange.
You feel less in control of your magic.
Your feet thicken and deform.
You feel resistant to heat. The yak gores you!
You die...

### ### ###### #.#
##.# #....#
.#####.########.#
#.##.#..##.##.YY###
..........#...##@.#
............#.###.#
......#|...÷..###.#
##...#÷...##....###
###.....#.##....#
##.############ ###


You could see 2 yaks.

Vanquished Creatures
  A komodo dragon (D:8)
  A hippogriff (D:6)
  3 yaks (Lair:1)
  3 basilisks (D:8)
  A steam dragon (D:8)
  A porcupine (Lair:1)
  2 water moccasins (Lair:1)
  An orc warrior (D:6)
  2 ice beasts
  3 sky beasts
  An eye of draining (D:7)
  3 ogres
  2 centaurs
  A crocodile (D:8)
  A scorpion (D:4)
  3 wights
  8 killer bees
  4 howler monkeys (D:8)
  2 crimson imps
  5 hounds
  2 jellies (D:6)
  3 orc priests
  3 orc wizards
  Natasha (thrice) (D:2)
  2 worker ants
  A howler monkey zombie (D:8)
  6 gnolls
  4 adders
  A shadow imp (D:6)
  An ooze (D:2)
  An adder skeleton (D:8)
  2 adder zombies
  3 worms (D:4)
  8 leopard geckos
  25 orcs
  4 bats
  5 giant cockroaches
  6 goblins
  7 hobgoblins
  14 jackals
  2 quokkas
  2 ball pythons (D:2)
  5 frilled lizards
  4 kobolds
  A quokka skeleton (D:8)
  8 rats
  A spectral orc (D:7)
172 creatures vanquished.

Notes
Turn   | Place    | Note
-------+----------+-------------------------------------------
     0 | D:1      | Lorak the Troll Monk began the quest for the Orb.
     0 | D:1      | Reached XP level 1. HP: 22/22 MP: 0/0
     2 | D:1      | Noticed a vampire
     2 | D:1      | Noticed a gargoyle
     4 | D:1      | Noticed a naga
     6 | D:1      | Noticed a halfling
     6 | D:1      | Noticed an octopode
     8 | D:1      | Noticed a human
    10 | D:1      | Noticed a vine stalker
    10 | D:1      | Noticed a draconian
    12 | D:1      | Noticed a formicid
    12 | D:1      | Noticed a troll
    14 | D:1      | Noticed a merfolk
    14 | D:1      | Noticed an elf
    16 | D:1      | Noticed a demonspawn
    16 | D:1      | Noticed a minotaur
    19 | D:1      | Noticed a demigod
    19 | D:1      | Noticed a ghoul
    21 | D:1      | Noticed a centaur
    21 | D:1      | Noticed a tengu
    23 | D:1      | Noticed a felid
    23 | D:1      | Noticed an ogre
    25 | D:1      | Noticed a dwarf
    27 | D:1      | Noticed a spriggan
   217 | D:1      | Reached XP level 2. HP: 29/29 MP: 1/1
   866 | D:2      | Noticed Natasha
   877 | D:2      | Killed Natasha
   877 | D:2      | Reached skill level 4 in Unarmed Combat
   877 | D:2      | Reached XP level 3. HP: 36/36 MP: 2/2
   976 | D:2      | Noticed Natasha
   982 | D:2      | Killed Natasha
   982 | D:2      | Reached XP level 4. HP: 32/45 MP: 3/3
  1732 | D:3      | Reached skill level 5 in Unarmed Combat
  1732 | D:3      | Reached XP level 5. HP: 52/53 MP: 4/4
  1758 | D:2      | Noticed Natasha
  1762 | D:2      | Killed Natasha
  2303 | D:3      | Reached XP level 6. HP: 61/62 MP: 5/5
  2618 | D:4      | Reached skill level 6 in Unarmed Combat
  2794 | D:4      | Found a hazy altar of Hepliaklqana.
  2934 | D:4      | Reached skill level 1 in Shields
  2990 | D:4      | You fall through a shaft for 2 floors!
  3095 | D:6      | Noticed an orc warrior
  3106 | D:6      | Killed an orc warrior
  3106 | D:6      | Reached XP level 7. HP: 50/70 MP: 6/6
  3339 | D:6      | Found Boxogyrph's Gadget Shop.
  3416 | D:6      | Reached skill level 7 in Unarmed Combat
  3529 | D:6      | Found a shattered altar of Ashenzari.
  3649 | D:6      | Reached XP level 8. HP: 44/79 MP: 7/7
  3908 | D:6      | Found a staircase to the Ecumenical Temple.
  3922 | Temple   | Entered the Ecumenical Temple
  4072 | Temple   | Became a worshipper of Warmaster Okawaru
  4072 | Temple   | Reached * piety under Okawaru
  4072 | Temple   | Reached ** piety under Okawaru
  4233 | D:6      | Found a blossoming altar of Fedhas.
  4368 | D:7      | Reached skill level 8 in Unarmed Combat
  4445 | D:6      | Reached skill level 5 in Fighting
  4584 | D:7      | Reached skill level 1 in Evocations
  4612 | D:7      | Noticed a hippogriff
  4700 | D:6      | Killed a hippogriff
  4910 | D:7      | Found a basalt altar of Yredelemnul.
  4955 | D:7      | Got a heavily jewelled robe
  4966 | D:7      | Identified the +0 robe "Ewiugeg" {Int+5} (You found it on
                  | level 7 of the Dungeon)
  5135 | D:7      | Reached *** piety under Okawaru
  5216 | D:8      | Reached skill level 9 in Unarmed Combat
  5216 | D:8      | Reached XP level 9. HP: 70/88 MP: 9/9
  5425 | D:8      | Found Onam's Antique Armour Shop.
  6272 | D:8      | Reached **** piety under Okawaru
  6301 | D:8      | Noticed a komodo dragon
  6303 | D:8      | Found a staircase to the Lair.
  6308 | D:8      | Killed a komodo dragon
  6308 | D:8      | Reached skill level 10 in Unarmed Combat
  6387 | Lair:1   | Entered Level 1 of the Lair of Beasts
  6539 | Lair:1   | Reached XP level 10. HP: 49/100 MP: 8/11
  6546 | Lair:1   | Reached skill level 5 in Shields
  6719 | D:8      | Gained mutation: Your spells are a little harder to cast,
                  | but a little more powerful. [potion of mutation]
  6719 | D:8      | Gained mutation: You have large cloven feet. [potion of
                  | mutation]
  6719 | D:8      | Gained mutation: Your flesh is heat resistant. (rF+)
                  | [potion of mutation]
  6719 | D:8      | Slain by a yak

Skill      XL: |  1  2  3  4  5  6  7  8  9 10 |
---------------+-------------------------------+-----
Unarmed Combat | 4 5 6 7 9 10 | 10.5
Fighting       | 3 4 5 6 |  6.4
Shields        | 1 2 3 4 5 |  5.0
Evocations     | 2 3 |  3.6
Dodging        | |  2.4
Stealth        | |  1.0

Action                   |  1- 3 |  4- 6 |  7- 9 | 10-12 || total
-------------------------+-------+-------+-------+-------++-------
Melee: Unarmed           |    54 |   177 |   278 |    17 ||   526
       Punch             |     2 |       |       |       ||     2
Invok: Heroism           |       |       |     3 |     1 ||     4
  Use: Scroll            |       |     4 |     4 |       ||     8
       Potion            |       |       |     3 |     1 ||     4
 Stab: Sleeping          |     3 |     5 |     2 |       ||    10
  Eat: Chunk             |    11 |    19 |    31 |     1 ||    62
       Ration            |     1 |       |       |       ||     1
Armor: Robe              |    19 |    40 |    94 |     1 ||   154
Dodge: Dodged            |    29 |    62 |    91 |     5 ||   187
Block: Shield            |       |    20 |   113 |     5 ||   138
